 Dungeon Crawl Stone Soup version 0.31-a0-1010-g5322dac6a2 (webtiles) character file.

Game seed: 4916914498813763201

46 mopl the Trooper (level 3, -3/33 HPs)
             Began as a Hill Orc Fighter on Nov 16, 2023.
             Slain by a worm (7 damage)
             ... on level 2 of the Dungeon.
             The game lasted 00:00:53 (765 turns).

mopl the Trooper (Hill Orc Fighter)                  Turns: 765, Time: 00:00:54

Health: -3/33      AC:  6    Str: 18    XL:     3   Next: 68%
Magic:  3/3        EV:  9    Int:  8    God:
Gold:   50         SH:  4    Dex: 12    Spells: 2/2 levels left

rFire   . . .        a - +0 war axe
rCold   . . .        c - +0 buckler
rNeg    . . .        b - +0 scale mail
rPois   .            (no helmet)
rElec   .            (no cloak)
rCorr   .            (no gloves)
SInv    .            (no boots)
Will    .....        (no amulet) Stlth
                     (no ring)
HPRegen 0.25/turn    (no ring)
MPRegen 0.08/turn

%: no passive effects
@: no status effects
A: no striking features
a: no special abilities


You were on level 2 of the Dungeon.
You visited 1 branch of the dungeon, and saw 2 of its levels.

You collected 50 gold pieces.

Inventory:

Hand Weapons
 a - a +0 war axe (weapon)
Armour
 b - a +0 scale mail (worn)
 c - a +0 buckler (worn)
Jewellery
 f - a +6 ring of dexterity
Scrolls
 e - 2 scrolls of identify {unknown}
 g - a scroll of amnesia {unknown}
 h - 2 scrolls of immolation
Potions
 d - a potion of might
 i - a potion of curing {unknown}


   Skills:
 + Level 4.0 Fighting
 * Level 3.9 Axes
 + Level 3.6 Armour
 + Level 0.9 Dodging
 - Level 3.2 Shields


You had 2 spell levels left.
You didn't know any spells.
Your spell library contained the following spells:

 Spells                   Type           Power      Damage    Failure   Level
 Static Discharge         Conj/Air       0%         3-3/arc   95%         2
 Airstrike                Air            0%         2d(0-16)  100%        4
 Summon Lightning Spire   Summ/Air       0%         N/A       100%        4


Dungeon Overview and Level Annotations

Branches:
Dungeon (2/15)

Altars:


Message History

You kill the adder!
You barely miss the worm. You block the worm's attack.
The ball python closely misses you. x2
You barely miss the worm.
The worm is heavily wounded.
You hit the ball python.
You kill the ball python!
The worm bites you.
You are too injured to fight recklessly!
You are too injured to fight recklessly!
You are too injured to fight recklessly!
You are too injured to fight recklessly!
You are too injured to fight recklessly!
You are too injured to fight recklessly!
You are too injured to fight recklessly!
You are too injured to fight recklessly!
You are too injured to fight recklessly!
You are too injured to fight recklessly!
You are too injured to fight recklessly!
You are too injured to fight recklessly!
You are too injured to fight recklessly!
You barely miss the worm.
The worm is heavily wounded.
You completely miss the frilled lizard. The frilled lizard closely misses you.
You slash the worm!
The worm is almost dead.
You miss the frilled lizard. You block the frilled lizard's attack.
The worm bites you!
* * * LOW HITPOINT WARNING * * *
The frilled lizard closely misses you.
You hit the worm.
The worm is almost dead.
You miss the frilled lizard. The worm bites you but does no damage.
The frilled lizard barely misses you.
You hit the worm but do no damage.
The worm is almost dead.
You barely miss the frilled lizard. The frilled lizard bites you.
* * * LOW HITPOINT WARNING * * *
The worm bites you!
You die...

### .. ### ###.### ...#
...... ....#
##..########...... #
####........w@l...... #.
#............##......
#.##.##...####..........
#...<....# ##.####....
#.......### #.# .##
#.#..).........$ ..
#..###...<...## . .
##..###........
.##..............


You could see a worm and a frilled lizard.

Vanquished Creatures
  2 adders (D:2)
  A dart slug (D:2)
  2 ball pythons
  6 endoplasms
  2 goblins
  2 hobgoblins
  4 kobolds (D:1)
  3 frilled lizards (D:1)
  4 rats
26 creatures vanquished.

Notes
Turn   | Place    | Note
-------+----------+-------------------------------------------
     0 | D:1      | mopl the Hill Orc Fighter began the quest for the Orb.
     0 | D:1      | Reached XP level 1. HP: 19/19 MP: 1/1
    70 | D:1      | Reached skill level 3 in Axes
    92 | D:1      | Reached XP level 2. HP: 27/27 MP: 2/2
   179 | D:1      | Found a faded altar of an unknown god.
   728 | D:2      | Reached XP level 3. HP: 30/33 MP: 3/3
   750 | D:2      | Reached skill level 4 in Fighting
   765 | D:2      | Slain by a worm

Illustrated notes

Levels and vault maps discovered:
D:1:      eino_arrival_water_cross, layout_basic,
          hellmonk_ecumenical_altar_blasted, nicolae_houndstooth_variations
D:2:      layout_loops_ring, st_stairs_14

Skill      XL: |  1  2  3 |
---------------+----------+-----
Axes           | 3 |  3.9
Fighting       | 4 |  4.0
Armour         | |  3.6
Dodging        | |  0.9
Shields        | |  3.2

Action                     || total
---------------------------++-------
  Melee: War axe           ||    68
 Armour: Scale mail        ||    50
  Dodge: Dodged            ||    28
  Block: Buckler           ||    14

Table legend: (Time is in decaauts)
 A = Elapsed time spent in this place.
 B = Non-inter-level travel time spent in this place.
 C = Inter-level travel time spent in this place.
 D = Time resting spent in this place.
 E = Time spent auto-exploring this place.
 F = Levels seen in this place.
 G = Mean time per level.
                   A        B        C        D        E       F      G
               +--------+--------+--------+--------+--------+-----+--------+
         Total |    789 |    771 |     18 |      0 |    602 |   2 |  394.5 |
       Dungeon |    789 |    771 |     18 |      0 |    602 |   2 |  394.5 |
               +--------+--------+--------+--------+--------+-----+--------+

Top non-repeatable levels by time:
     D:1: 723 daAuts
     D:2: 66 daAuts
